 Dungeon Crawl Stone Soup version 0.27-a0-1529-g1e82c303ef (webtiles) character file.

Game seed: 357718273133574659

17972 Lekart the Carver (level 12, -3/97 (106) HPs)
             Began as a White Draconian Chaos Knight on July 12, 2021.
             Was a Plaything of Xom.
             Slain by a sun demon (16 damage)
             ... summoned by an orc sorcerer
             ... on level 1 of the Orcish Mines.
             The game lasted 00:35:39 (21798 turns).

Lekart the Carver (White Draconian Chaos Knight)   Turns: 21798, Time: 00:35:39

HP:   -3/97 (106)   AC:  8    Str: 23    XL:     12   Next: 23%
MP:   33/33         EV: 16    Int: 19    God:    Xom [....*.]
Gold: 1194          SH:  0    Dex: 15    Spells: 27/27 levels left

rFire    . . .     SeeInvis .   w - +4 triple sword (chaos)
rCold    + . .     Faith    .   (shield currently unavailable)
rNeg     . . .     Spirit   .   (armour unavailable)
rPois    +         Reflect  .   n - +2 hat {Will+}
rElec    .         Harm     .   t - +0 cloak
rCorr    .         Rampage  .   (no gloves)
Will     +....                  k - +0 pair of boots
Stlth    +.........             (no amulet)
HPRegen  0.26/turn              b - ring of magical power
MPRegen  0.23/turn              o - ring "Dori Utt" {Contam rPois Str+6 Int+6}

@: corroded, drained
A: breathe frost, AC +8, unfitting armour, cold resistance 1, cold-blooded,
claws 1, fangs 1, talons 1, agile 1, poison resistance, screaming 1
a: Breathe Frost, Renounce Religion


You were on level 1 of the Orcish Mines.
You worshipped Xom.
You were a beloved toy of Xom.
You visited 4 branches of the dungeon, and saw 16 of its levels.
You also visited: Sewer.

You collected 1350 gold pieces.
You spent 156 gold pieces at shops.

Inventory:

Hand Weapons
 f - a +1 whip of flaming
 h - a +0 vorpal double sword
 w - a +4 triple sword of chaos (weapon)
Armour
 k - a +0 pair of boots (worn)
 n - a +2 hat of willpower (worn)
 t - a +0 cloak (worn)
Jewellery
 b - a ring of magical power (left claw)
 l - a ring of willpower
 o - the ring "Dori Utt" (right claw) {Contam rPois Str+6 Int+6}
   (Xom gifted it to you on level 9 of the Dungeon)

   [ring of strength]

   Str:       It affects your strength (+6).
   Int:       It affects your intelligence (+6).
   rPois:     It protects you from poison.
   Contam:    It causes magical contamination when unequipped.
 r - an amulet of guardian spirit
Wands
 u - a wand of charming (6)
Scrolls
 d - 3 scrolls of fog
 e - 4 scrolls of teleportation
 i - 2 scrolls of amnesia
 s - 3 scrolls of identify
Potions
 c - 6 potions of curing
 q - a potion of flight
 v - a potion of haste


   Skills:
 + Level 10.0 Fighting
 + Level 13.5 Long Blades
 + Level 0.3 Maces & Flails
 + Level 7.8 Dodging
 * Level 8.1 Spellcasting
 + Level 2.5 Evocations


You had 27 spell levels left.
You didn't know any spells.
Your spell library contained the following spells:

 Spells                   Type           Power      Damage    Failure   Level
 Corona                   Hex            7%         N/A       9%          1
 Foxfire                  Conj/Fire      28%        2x1d5     9%          1
 Blink                    Tloc           N/A        N/A       14%         2
 Ensorcelled Hibernation  Hex/Ice        14%        N/A       14%         2
 Conjure Flame            Conj/Fire      7%         6-21      26%         3
 Frozen Ramparts          Ice            14%        1d3       26%         3
 Inner Flame              Hex/Fire       7%         N/A       26%         3
 Stone Arrow              Conj/Erth      14%        3d7       26%         3
 Tukima's Dance           Hex            7%         N/A       26%         3
 Ice Form                 Ice/Tmut       7%         N/A       65%         4
 Summon Ice Beast         Ice/Summ       7%         N/A       65%         4
 Manifold Assault         Tloc           7%         N/A       94%         5
 Storm Form               Tmut/Air       3%         N/A       100%        7
 Lehudib's Crystal Spear  Conj/Erth      3%         10d3      100%        8
 Animate Armour           Summ/Erth      Unusable   N/A       N/A         4

Dungeon Overview and Level Annotations

Branches:
Dungeon (12/15)            Temple (1/1) D:5            Lair (1/6) D:9
    Orc (2/2) D:9             Elf (0/3) Orc:2         Sewer (visited)

Altars:
Ashenzari
Cheibriados
Dithmenos
Elyvilon
Fedhas
Gozag
Hepliaklqana
Kikubaaqudgha
Makhleb
Nemelex Xobeh
Okawaru
Qazlal
Ru
Sif Muna
Trog
Uskayaw
Vehumet
Wu Jian
Xom
Yredelemnul
Zin
The Shining One

Shops:
D:4 ?!!*

Annotations:
D:4 exclusion: downstairs
D:11 exclusion: 2 downstairs
Orc:1 2 runed translucent doors, BlueGoblin's ghost, journeyman DsAK


Innate Abilities, Weirdness & Mutations

You can breathe waves of freezing cold which knock back foes.
Your icy white scales are hard. (AC +8)
You cannot fit into any form of body armour.
Your flesh is cold resistant. (rC+)
You are cold-blooded and may be slowed by cold attacks.
You have sharp fingernails.
You have very sharp teeth.
You have sharp toenails.
You are agile. (Dex +2)
Your system is resistant to poisons. (rPois)
You occasionally shout uncontrollably at your foes.


Message History

Your tail-slap misses the ice devil.
You bite the ice devil.
The ice devil is severely wounded.
The orc sorcerer hits you with a +0 dagger.
The soul eater draws from the surrounding life force!
You climb upwards.
The red devil disappears in a puff of smoke!
Level annotation: 2 runed translucent doors, BlueGoblin's ghost, journeyman DsAK
There is a stone staircase leading down, spattered with blood here.
There are monsters nearby!
You barely miss the orc sorcerer.
Your tail-slap misses the orc sorcerer.
The orc sorcerer hits you but does no damage.
The orc sorcerer points at you and mumbles some strange words.
You resist with almost no effort.
The orc sorcerer casts a spell.
You hit the orc sorcerer but do no damage.
You bite the orc sorcerer, but do no damage.
The orc sorcerer casts a spell.
The orc sorcerer howls an incantation.
The orc sorcerer glows brightly for a moment.
The orc sorcerer closely misses you.
You riposte.
You closely miss the orc sorcerer.
You tail-slap the orc sorcerer, but do no damage.
You barely miss the orc sorcerer.
The orc sorcerer hits you but does no damage.
The sun demon closely misses you.
You riposte.
You closely miss the sun demon.
Your tail-slap misses the sun demon.
The orc sorcerer shouts, "You are history!"
The orc sorcerer misses you. The rust devil hits you.
The rust devil corrodes you!
The orc sorcerer hits you with a +0 dagger.
You hit the orc sorcerer but do no damage.
The orc sorcerer is poisoned.
Your tail-slap misses the orc sorcerer.
Your bite misses the orc sorcerer. The sun demon hits you!
You are engulfed in flames!
The orc sorcerer hits you with a +0 dagger.
The rust devil barely misses you. The sun demon hits you!!
* * * LOW HITPOINT WARNING * * *
You are engulfed in flames!
You die...
Xom titters!

##.##..[......#......#
##..#.....[....#.....##
#...............#.....#
##..#..#....#........##
###..............####
#..............##
##.....#.........##
##.....4o[.........##
#......3@...........#
##.....#o...........##
###.........#.......#
#.................####
##............##...#.#
##.....#.......#.#...
##
#....#....#..........
.##
##..#......#.........
..#
#...#....####.......


You could see a sun demon (summoned), a rust devil (summoned) and 2 orc
sorcerers.

Vanquished Creatures
  Gastronok (D:9)
  Josephine (D:11)
  Pikel (D:6)
  An orc knight (Orc:1)
  3 orc sorcerers
  A cyclops (D:11)
  An ugly thing (D:11)
  A moth of wrath (Orc:1)
  4 orange demons (D:11)
  A komodo dragon (D:9)
  A rime drake (Lair:1)
  3 red devils (D:11)
  A polar bear (shapeshifter) (D:9)
  4 trolls
  A tarantella (Orc:2)
  3 wraiths (D:11)
  2 shadows
  2 vampires
  6 yaks
  3 wyverns
  4 steam dragons
  2 acid dragons
  4 wargs
  A water moccasin (D:8)
  2 sky beasts
  19 orc warriors
  2 ice beasts
  A hornet zombie (D:9)
  3 ogres
  A necrophage (D:6)
  2 centaurs (D:9)
  A lemure (D:6)
  4 bullfrogs
  4 kobold brigands
  2 scorpions
  A gnoll sergeant (D:9)
  5 howler monkeys
  A bullfrog zombie (D:5)
  3 centaur zombies
  14 orc priests
  A hound (D:5)
  A jelly (D:7)
  A centaur skeleton (D:5)
  3 bullfrog skeletons
  A gnoll shaman (D:8)
  10 orc wizards
  3 iguanas
  A scorpion zombie (D:5)
  A killer bee zombie (D:6)
  A hound zombie (D:5)
  A howler monkey zombie (D:6)
  A mummy (D:7)
  13 gnolls
  9 adders
  3 river rats (D:4)
  3 shadow imps
  A white imp (D:8)
  An ufetubus (D:3)
  A worm (D:3)
  5 dart slugs
  57 orcs
  A bat (D:2)
  9 endoplasms
  10 giant cockroaches
  11 goblins
  17 hobgoblins
  4 jackals (D:4)
  6 quokkas
  14 ball pythons
  10 frilled lizards
  34 kobolds
  7 rats
  A spectral orc (D:3)
359 creatures vanquished.

Vanquished Creatures (collateral kills)
  An orc (Orc:2)
1 creature vanquished.

Vanquished Creatures (others)
  An orc wizard (Orc:1)
  An orc (Orc:2)
  42 plants
44 creatures vanquished.

Grand Total: 404 creatures vanquished

Notes
Turn   | Place    | Note
-------+----------+-------------------------------------------
     0 | D:1      | Lekart the Draconian Chaos Knight began the quest for the
                  | Orb.
     0 | D:1      | Reached XP level 1. HP: 19/19 MP: 1/1
   297 | D:1      | XOM: divination: detect creatures
   380 | D:1      | Reached XP level 2. HP: 25/26 MP: 2/2
   490 | D:1      | XOM: divination: magic mapping
   728 | D:1      | Reached XP level 3. HP: 33/33 MP: 4/4
   731 | D:1      | XOM: give mutations
   731 | D:1      | Gained mutation: You are agile. (Dex +2) [Xom's grace]
   731 | D:1      | Gained mutation: You have very sharp teeth. [Xom's grace]
   990 | D:2      | Found a faded altar of an unknown god.
  1000 | D:1      | Reached skill level 1 in Spellcasting
  1004 | D:2      | XOM: god gift: 16 sling bullets
  1256 | D:2      | Reached XP level 4. HP: 38/40 MP: 5/5
  2153 | D:3      | Reached skill level 4 in Long Blades
  2172 | D:3      | XOM: give mutation
  2172 | D:3      | Gained mutation: Your flesh is cold resistant. (rC+) [Xom's
                  | mischief]
  2216 | D:3      | Found an ornate altar of the Wu Jian Council.
  2220 | D:3      | Noticed an ogre
  2241 | D:3      | XOM: divination: detect creatures
  2249 | D:3      | XOM: 1-stop teleportation journey
  2473 | D:3      | XOM: confusion
  2481 | D:3      | Killed an ogre
  2482 | D:3      | Reached XP level 5. HP: 17/47 MP: 7/7
  2492 | D:3      | XOM: give mutations
  2492 | D:3      | Gained mutation: You have sharp toenails. [Xom's mischief]
  2492 | D:3      | Lost mutation: Your flesh is cold resistant. (rC+) [Xom's
                  | mischief]
  2492 | D:3      | Gained mutation: You are dopey. (Int -2) [Xom's mischief]
  2492 | D:3      | Gained mutation: You are very dopey. (Int -4) [Xom's
                  | mischief]
  2560 | D:3      | XOM: stat loss: -1 Int (7/8)
  2871 | D:3      | XOM: stat loss: -1 Str (14/15)
  2990 | D:3      | Found a basalt altar of Yredelemnul.
  3046 | D:3      | XOM is BORED!
  3180 | D:3      | XOM: summons 3 hostile demons
  3570 | D:4      | Found a glowing drain.
  3590 | Sewer    | Entered a sewer
  3875 | Sewer    | Reached XP level 6. HP: 52/53 MP: 9/9
  4155 | D:4      | Reached skill level 5 in Long Blades
  4248 | D:4      | Found a bloodstained altar of Trog.
  4376 | D:4      | Found Exonebro's General Store.
  4380 | D:4      | Found Genoy's Distillery.
  4381 | D:4      | Found Nivivilo's Distillery.
  4381 | D:4      | Found Elumacw's Magic Scroll Shop.
  4572 | D:4      | Bought a potion of heal wounds for 65 gold pieces
  4572 | D:4      | Bought 2 potions of curing for 78 gold pieces
  4572 | D:4      | Bought a potion of degeneration for 13 gold pieces
  4644 | D:4      | Noticed an ice beast
  4645 | D:4      | XOM: enchant monster (bad)
  4658 | D:4      | Killed an ice beast
  4659 | D:4      | Reached skill level 5 in Fighting
  4734 | D:4      | Found a white marble altar of Elyvilon.
  4751 | D:4      | Your scales start taking on an icy white colour.
  4751 | D:4      | Reached XP level 7. HP: 61/61 MP: 9/11
  4751 | D:4      | Gained mutation: Your flesh is cold resistant. (rC+) [White
                  | Draconian growth]
  4806 | D:4      | XOM: smoke on damage
  4855 | D:4      | XOM: summons 1 hostile shadow creature
  5245 | D:4      | XOM: summons 2 hostile shadow creatures
  5540 | D:5      | Entered Level 5 of the Dungeon
  5540 | D:5      | Found a staircase to the Ecumenical Temple.
  5579 | Temple   | Entered the Ecumenical Temple
  6241 | D:5      | Reached skill level 6 in Long Blades
  6267 | D:5      | XOM: chaos cloud
  6456 | D:5      | XOM: god gift: +1 great sword of electrocution
  7080 | D:5      | Found a glowing silver altar of Zin.
  7276 | D:6      | Reached XP level 8. HP: 69/69 MP: 13/13
  7338 | D:6      | Noticed Pikel
  7338 | D:6      | XOM: silly message
  7349 | D:6      | XOM: potion effect (curing)
  7355 | D:6      | Killed Pikel
  7356 | D:6      | Reached skill level 7 in Long Blades
  7437 | D:6      | XOM: divination: detect creatures
  7456 | D:6      | Lost mutation: You are very dopey. (Int -4) [potion of
                  | mutation]
  7456 | D:6      | Lost mutation: You are agile. (Dex +2) [potion of mutation]
  7456 | D:6      | Lost mutation: You have sharp toenails. [potion of
                  | mutation]
  7456 | D:6      | Gained mutation: Your muscles are strong. (Str +2) [potion
                  | of mutation]
  7456 | D:6      | Gained mutation: You expend magic power (3 MP) to
                  | strengthen your wands. [potion of mutation]
  7483 | D:6      | Reached skill level 5 in Dodging
  7618 | D:6      | Reached skill level 8 in Long Blades
  7813 | D:6      | XOM: potion effect (brilliance)
  7820 | D:6      | Reached XP level 9. HP: 68/78 MP: 15/15
  7822 | D:6      | XOM: potion effect (berserk rage)
  7994 | D:7      | Found a shimmering blue altar of Sif Muna.
  8046 | D:7      | Found a hazy altar of Hepliaklqana.
  8162 | D:7      | XOM: noise
  8170 | D:7      | Reached skill level 9 in Long Blades
  8181 | D:7      | XOM: cloud trail
  8404 | D:7      | XOM: 1-stop teleportation journey
  8504 | D:7      | Reached skill level 5 in Spellcasting
  8792 | D:7      | Found a snail-covered altar of Cheibriados.
  8855 | D:7      | XOM: give mutations
  8855 | D:7      | Gained mutation: You have sharp fingernails. [Xom's
                  | mischief]
  8855 | D:7      | Lost mutation: Your muscles are strong. (Str +2) [Xom's
                  | mischief]
  9140 | D:8      | XOM: 4-stop teleportation journey
  9416 | D:8      | XOM: scenery: 1 doors open
  9878 | D:8      | XOM: scenery: summon butterflies
 10245 | D:8      | XOM: scenery: create altars
 10294 | D:8      | XOM: summons 5 hostile demons
 10351 | D:8      | XOM: god gift: 40 gold pieces
 10408 | D:9      | Noticed Gastronok
 10412 | D:9      | XOM: enchant monster (bad)
 10424 | D:9      | XOM: chaos cloud
 10426 | D:9      | XOM: smoke on damage
 10427 | D:9      | Killed Gastronok
 10428 | D:9      | Reached skill level 10 in Long Blades
 10428 | D:9      | Reached XP level 10. HP: 35/88 MP: 19/19
 10676 | D:9      | Identified a scroll of acquirement
 10681 | D:9      | Acquired a +0 vorpal double sword
 10699 | D:9      | XOM: swap monsters
 10703 | D:9      | XOM: enchant monster (good)
 10708 | D:9      | XOM: summons friendly quasit
 10726 | D:9      | XOM: summons 6 friendly demons
 10727 | D:9      | Reached skill level 1 in Evocations
 10933 | D:9      | XOM: enchant monster (bad)
 10991 | D:9      | Noticed Joseph
 11073 | D:9      | Noticed Joseph
 11073 | D:9      | Joseph changed into Joseph the steam dragon
 11073 | D:9      | XOM: polymorph Joseph -> Joseph the steam dragon
 11077 | D:9      | Killed Joseph the steam dragon
 11166 | D:9      | XOM: noise
 11236 | D:9      | XOM: cloud trail
 11363 | D:9      | Reached skill level 11 in Long Blades
 11522 | D:9      | XOM: noise
 11622 | D:9      | XOM: 1-stop teleportation journey
 11634 | D:9      | Found a staircase to the Orcish Mines.
 11731 | D:9      | XOM: noise
 11942 | D:9      | Found a staircase to the Lair.
 11975 | D:9      | XOM: enchant monster (good)
 12000 | D:9      | XOM: torment (32/89 hp)
 12010 | D:9      | XOM: scenery: create altars
 12342 | D:9      | XOM: scenery: create altars
 12360 | D:9      | XOM: scenery: summon butterflies
 12371 | D:9      | XOM: god gift: scroll labelled OWATHO TOZAA {god gift}
 12436 | D:9      | Noticed a black mamba
 12498 | Orc:1    | Entered Level 1 of the Orcish Mines
 12701 | Orc:1    | XOM: destruction
 12813 | D:10     | Entered Level 10 of the Dungeon
 12860 | Lair:1   | Entered Level 1 of the Lair of Beasts
 12890 | Lair:1   | XOM: god gift: shiny golden ring {god gift}
 12902 | Lair:1   | Noticed an eight-headed hydra
 12902 | Lair:1   | XOM: destruction
 12909 | Lair:1   | XOM: summons 2 friendly demons
 12909 | Lair:1   | HP: 3/90 [eight-headed hydra (4)]
 12909 | Lair:1   | HP: 1/90 [eight-headed hydra (2)]
 12910 | Lair:1   | XOM: fog
 12922 | Lair:1   | XOM: confuse monster(s)
 12924 | Lair:1   | XOM: enchant monster (good)
 12925 | Lair:1   | XOM: enchant monster (good)
 13065 | D:9      | Identified the ring "Dori Utt" {Contam rPois Str+6 Int+6}
                  | (Xom gifted it to you on level 9 of the Dungeon)
 13065 | D:9      | XOM: god gift: ring "Dori Utt" {Contam rPois Str+6 Int+6}
 13229 | D:9      | XOM: divination: magic mapping
 13702 | Orc:1    | Noticed an orc warlord
 13705 | Orc:1    | Noticed an orc sorcerer
 13749 | D:9      | XOM: silly message
 13989 | D:10     | XOM: divination: detect items
 14254 | D:10     | XOM: divination: detect items
 14310 | D:10     | Reached XP level 11. HP: 49/95 MP: 21/21
 14412 | D:10     | XOM is BORED!
 14412 | D:10     | Found a shadowy altar of Dithmenos.
 14412 | D:10     | XOM: 6-stop teleportation journey
 14450 | D:10     | Found a burning altar of Makhleb.
 14450 | D:10     | Noticed a blizzard demon
 14464 | D:10     | XOM: smoke on damage
 14779 | D:10     | Found a hide-covered altar of Uskayaw.
 15086 | D:10     | XOM: silly message
 15372 | D:11     | Noticed Josephine
 15379 | D:11     | XOM: summons friendly quasit
 15391 | D:11     | Killed Josephine
 15398 | D:11     | XOM: swap monsters
 15689 | D:11     | Reached skill level 12 in Long Blades
 16530 | D:11     | Noticed a brown ugly thing
 16536 | D:11     | Killed a brown ugly thing
 16695 | D:11     | XOM: summons 2 hostile demons
 17051 | D:11     | XOM: summons 2 hostile demons
 17194 | D:10     | XOM: give mutation
 17194 | D:10     | Gained mutation: You have sharp toenails. [Xom's grace]
 17246 | D:11     | XOM: cast spell 'Monstrous Menagerie'
 17380 | D:12     | Noticed a four-headed hydra
 17564 | D:12     | Noticed a storm dragon
 17564 | D:12     | a four-headed hydra changed into a storm dragon
 17565 | D:12     | XOM: cleaving
 17700 | Orc:1    | XOM: potion effect (haste)
 18227 | Orc:1    | XOM: summons friendly ufetubus
 18229 | D:9      | XOM: polymorph orc warrior -> shapeshifter
 18230 | D:9      | Killed an orc sorcerer
 18679 | Orc:1    | XOM: scenery: create altars
 18997 | Orc:1    | XOM: enchant monster (good)
 19132 | D:9      | XOM: give mutations
 19132 | D:9      | Gained mutation: You are agile. (Dex +2) [Xom's grace]
 19132 | D:9      | Gained mutation: Your system is resistant to poisons.
                  | (rPois) [Xom's grace]
 19158 | D:9      | XOM: scenery: summon butterflies
 19172 | D:9      | XOM: god gift: +4 triple sword of chaos
 19275 | Orc:1    | XOM: god gift: 14 gold pieces
 19418 | Orc:1    | Noticed an orc knight
 19433 | Orc:1    | XOM: enchant monster (good)
 19437 | Orc:1    | Killed an orc knight
 19437 | Orc:1    | Noticed an orc sorcerer
 19438 | Orc:1    | Reached skill level 13 in Long Blades
 19455 | Orc:1    | Killed an orc sorcerer
 19456 | Orc:1    | Reached XP level 12. HP: 82/106 MP: 24/24
 19465 | Orc:1    | Noticed an ettin
 19593 | Orc:1    | XOM: divination: detect items
 19706 | Orc:1    | XOM: enchant monster (good)
 19725 | Orc:1    | XOM: cloud trail
 20013 | Orc:1    | an ettin changed into a moth of wrath
 20210 | Orc:1    | Found a large runed translucent door.
 20210 | Orc:1    | Found a large runed translucent door.
 20212 | Orc:1    | Noticed BlueGoblin's ghost (journeyman DsAK)
 20412 | Orc:2    | Entered Level 2 of the Orcish Mines
 20418 | Orc:2    | Found a staircase to the Elven Halls.
 20673 | Orc:2    | Paralysed by an orc sorcerer for 5 turns
 20680 | Orc:2    | Reached skill level 10 in Fighting
 20814 | Orc:2    | Paralysed by an orc sorcerer for 7 turns
 21081 | Orc:1    | XOM: summons 1 hostile shadow creature
 21196 | Orc:2    | XOM: swap monsters
 21251 | Orc:2    | XOM: noise
 21474 | Orc:1    | XOM: give mutations
 21474 | Orc:1    | Lost mutation: You are dopey. (Int -2) [Xom's mischief]
 21474 | Orc:1    | Lost mutation: You expend magic power (3 MP) to strengthen
                  | your wands. [Xom's mischief]
 21474 | Orc:1    | Gained mutation: Your body sometimes deteriorates upon
                  | taking damage. [Xom's mischief]
 21492 | Orc:2    | XOM: repel stairs
 21493 | Orc:2    | XOM: give mutations
 21493 | Orc:2    | Lost mutation: Your body sometimes deteriorates upon taking
                  | damage. [Xom's mischief]
 21493 | Orc:2    | Gained mutation: You occasionally shout uncontrollably at
                  | your foes. [Xom's mischief]
 21494 | Orc:2    | Noticed an orc high priest
 21781 | Orc:2    | XOM: divination: detect creatures
 21785 | Orc:2    | XOM: divination: detect items
 21798 | Orc:1    | Slain by a sun demon

Illustrated notes

Levels and vault maps discovered:
D:1:      matt_arrival_spirals, layout_basic
D:2:      layout_basic, ebering_ecumenical_altar_mist, wad_floor_pattern_2,
          serial_bayou_ford_a, minmay_misc_feat_nine_boxes, st_stairs_1,
          minmay_pentomino_u2
D:3:      layout_loops_corners, yredelemnul_forgotten_temple_becter,
          nicolae_wu_jian_wuxing_cycle, kennysheep_minor_cross
D:4:      layout_basic, elyvilon_altar_3, trog_antimagical,
          portal_sewer_entry_b, minmay_shop_grid_forest
D:5:      layout_cave_pods, zin_statuary, minmay_temple_entry_statues_fountains
D:6:      layout_rooms, uniq_pikel
D:7:      layout_loops_ring, slow_altar_2, mainiacjoe_overflow_small_starburst,
          mainiacjoe_overflow_boulevard
D:8:      layout_basic
D:9:      layout_rooms, david_lair_shrubbed, orc_0_dummy,
          lightli_corner_chamber, uniq_gastronok, uniq_joseph
D:10:     layout_loops_ring, nicolae_dithmenos_shadow_blocks,
          amcnicky_altar_gilded, makhleb_altar_promises_db
D:11:     layout_roguey, minmay_beelzebubs_servants, uniq_josephine
D:12:     layout_rooms, minmay_misc_feat_room, tgw_fedhas
Temple:   minmay_temple_curvy_loop
Lair:1:   layout_regular_city, gauntlet_entry_generic
Orc:1:    cheibrodos_orc_bank, layout_caves, ebering_ghost_disaster_area
Orc:2:    grunt_orc_community_town_hall, layout_caves,
          grunt_orc_community_big_house_2, grunt_orc_community_big_house_1,
          grunt_orc_community_house_3, grunt_orc_community_house_1,
          grunt_orc_community_house_1, grunt_orc_community_house_2,
          grunt_orc_community_house_1, grunt_orc_community_house_1

Skill      XL: |  1  2  3  4  5  6  7  8  9 10 11 12 |
---------------+-------------------------------------+-----
Spellcasting   | 1 2 3 4 6 8 |  8.1
Fighting       | 4 5 6 7 8 9 10 | 10.0
Long Blades    | 4 5 6 8 10 11 13 | 13.5
Dodging        | 3 4 5 6 7 |  7.8
Evocations     | 1 2 |  2.5
Maces & Flails | |  0.3

Action                   |  1- 3 |  4- 6 |  7- 9 | 10-12 || total
-------------------------+-------+-------+-------+-------++-------
Melee: Falchion          |    73 |   178 |   105 |       ||   356
       Tailslap          |     7 |    26 |    42 |    84 ||   159
       Bite              |     3 |    15 |    38 |    64 ||   120
       Kick              |       |    31 |    60 |       ||    91
       Great sword       |       |       |   171 |       ||   171
       Double sword      |       |       |       |   296 ||   296
       Whip              |       |       |       |     3 ||     3
       Triple sword      |       |       |       |   109 ||   109
Throw: Dart              |       |       |     1 |     2 ||     3
       Throwing net      |       |       |       |     1 ||     1
 Abil: Breathe Frost     |       |       |     7 |    10 ||    17
Evoke: Wand              |       |       |     5 |    23 ||    28
  Use: Scroll            |     1 |     4 |     4 |    11 ||    20
       Potion            |       |       |     6 |     1 ||     7
 Stab: Paralysed         |     1 |       |       |       ||     1
       Sleeping          |       |     1 |       |       ||     1
       Confused          |       |     1 |       |       ||     1
       Petrifying        |       |       |     2 |       ||     2
       Distracted        |       |       |       |     1 ||     1
       Held in net/web   |       |       |       |     1 ||     1
Armor: Skin              |    19 |    65 |   123 |   144 ||   351
Dodge: Dodged            |    54 |   143 |   218 |   364 ||   779
       Rpst.: Falchion   |    17 |    41 |    19 |       ||    77
       Great sword       |       |       |    48 |       ||    48
       Double sword      |       |       |       |    74 ||    74
       Triple sword      |       |       |       |    41 ||    41

Table legend: (Time is in decaauts)
 A = Elapsed time spent in this place.
 B = Non-inter-level travel time spent in this place.
 C = Inter-level travel time spent in this place.
 D = Time resting spent in this place.
 E = Time spent auto-exploring this place.
 F = Levels seen in this place.
 G = Mean time per level.
                   A        B        C        D        E       F      G
               +--------+--------+--------+--------+--------+-----+--------+
         Total |  22004 |  21210 |    794 |   9008 |   8661 |  17 | 1294.4 |
       Dungeon |  17970 |  17268 |    702 |   7326 |   7455 |  12 | 1497.5 |
        Temple |    245 |    221 |     24 |      0 |    221 |   1 |  245.0 |
          Lair |     70 |     70 |      0 |     16 |      0 |   1 |   70.0 |
  Orcish Mines |   3058 |   2990 |     68 |   1525 |    804 |   2 | 1529.0 |
         Sewer |    658 |    658 |      0 |    140 |    180 |   1 |  658.0 |
               +--------+--------+--------+--------+--------+-----+--------+

Top non-repeatable levels by time:
     D:9: 4416 daAuts
   Orc:1: 2666 daAuts
    D:10: 2224 daAuts
     D:4: 1837 daAuts
     D:8: 1648 daAuts
    D:11: 1467 daAuts
     D:3: 1423 daAuts
     D:5: 1194 daAuts
     D:2: 1063 daAuts
     D:1: 1003 daAuts
     D:7: 981 daAuts
     D:6: 693 daAuts
   Sewer: 658 daAuts
   Orc:2: 392 daAuts
  Temple: 245 daAuts
